 Dungeon Crawl Stone Soup version 0.31.0-11-ge490571c62 (webtiles) character file.

Game seed: 15954156112239783744

41047 qw the Spry (level 13, -1/67 HPs)
             Began as a Spriggan Hunter on Feb 3, 2024.
             Was a High Priest of Okawaru.
             Slain by a death yak (21 damage)
             ... on level 5 of the Lair of Beasts.
             The game lasted 00:04:19 (14067 turns).

qw the Spry (Spriggan Hunter)                      Turns: 14067, Time: 00:04:20

Health: -1/67      AC: 14    Str:  7    XL:     13   Next: 77%
Magic:  21/21      EV: 34    Int: 11    God:    Okawaru [*****.]
Gold:   333        SH:  0    Dex: 23    Spells: 12/12 levels left

rFire   + . .        r - +0 orcbow
rCold   . . .        (shield currently unavailable)
rNeg    . . .        f - +3 steam dragon scales
rPois   .            e - +0 hat of Leaves {rF+ Slay+5}
rElec   .            q - +1 cloak {rCorr}
rCorr   +            (gloves unavailable)
SInv    +            (boots unavailable)
Will    ++...        (no amulet)
Stlth   ++           t - +4 ring of protection
HPRegen 0.31/turn    (no ring)
MPRegen 0.17/turn

%: no passive effects
@: very quick
A: very small, no large weapons, unfitting armour, see invisible, speed 3
a: Renounce Religion, Heroism, Finesse, Duel


You were on level 5 of the Lair of Beasts.
You worshipped Okawaru.
Okawaru was extremely pleased with you.
You visited 3 branches of the dungeon, and saw 16 of its levels.
You also visited: Ossuary.

You collected 1098 gold pieces.
You spent 765 gold pieces at shops.


Innate Abilities, Weirdness & Mutations

You are very small and have problems with some larger weapons.
You are too small for most types of armour.
You have supernaturally acute eyesight. (SInv)
You cover ground extremely quickly. (Speed+++)


   Skills:
 - Level 7.1 Fighting
 - Level 16.0 Ranged Weapons
 - Level 2.1 Armour
 + Level 16.8 Dodging
 - Level 1.5 Stealth
 - Level 10.0 Invocations


You had 12 spell levels left.
You didn't know any spells.
Your spell library was empty.

Inventory:

Hand Weapons
 r - a +0 orcbow (weapon)
Armour
 e - the +0 hat of Leaves (worn) {rF+ Slay+5}
   (You acquired it on level 1 of the Dungeon)

   Slay+5:    It affects your accuracy & damage with ranged weapons and melee
   (+5).
   rF+:       It protects you from fire.
 f - +3 steam dragon scales (worn)
 q - a +1 cloak of preservation (worn)
Jewellery
 l - a ring of fire
 t - a +4 ring of protection (left hand)
Wands
 c - a wand of quicksilver (11)
 j - a wand of polymorph (14)
 m - a wand of charming (7)
 n - a wand of digging (3)
 p - a wand of iceblast (8)
 s - a wand of mindburst (27)
Scrolls
 d - 6 scrolls of teleportation
Potions
 a - 3 potions of heal wounds
 b - a potion of berserk rage {unknown}
 g - 10 potions of curing
 h - 3 potions of enlightenment
 i - 2 potions of resistance
 k - a potion of haste
 o - 2 potions of mutation
 u - a potion of might

Dungeon Overview and Level Annotations

Branches:
Dungeon (10/15)            Temple (1/1) D:6            Lair (5/5) D:10
  Swamp (0/4) Lair:3       Spider (0/4) Lair:2        Slime (0/5) Lair:4
    Orc (0/2) D:9         Ossuary (visited)

Altars:
Ashenzari
Cheibriados
Dithmenos
Elyvilon
Fedhas
Gozag
Hepliaklqana
Kikubaaqudgha
Makhleb
Nemelex Xobeh
Okawaru
Qazlal
Ru
Sif Muna
Trog
Uskayaw
Vehumet
Wu Jian
Xom
Yredelemnul
Zin
The Shining One

Shops:
D:2 *   D:6 !   D:7 (?   D:10 !

Portals:
Bailey: D:8

Annotations:
D:7 1 runed translucent door, qw's ghost, novice DjHu
D:8 2 transporters


Message History

The cane toad misses you.
You shoot an arrow. The arrow hits the cane toad!!
You kill the cane toad!
Okawaru accepts your kill.
You shoot an arrow. The arrow hits the death yak!
The death yak is moderately wounded.
You shoot an arrow.
The arrow hits the death yak but does no damage.
The death yak is lightly wounded.
You shoot an arrow. The arrow hits the death yak!!
The death yak is heavily wounded.
You shoot an arrow. The arrow hits the death yak!
The death yak is heavily wounded.
The death yak closely misses you.
You shoot an arrow.
The arrow hits the death yak but does no damage.
The death yak is heavily wounded.
The death yak completely misses you.
You shoot an arrow.
The arrow hits the death yak but does no damage.
The death yak is heavily wounded.
You shoot an arrow.
The arrow hits the death yak but does no damage.
The death yak is heavily wounded.
The death yak gores you!!
You shoot an arrow. The arrow hits the death yak!
The death yak is severely wounded.
The death yak gores you!
You shoot an arrow. The arrow hits the death yak!
The death yak is severely wounded.
You shoot an arrow. The arrow barely misses the death yak.
The death yak barely misses you.
You shoot an arrow. The arrow hits the death yak.
The death yak is severely wounded.
The death yak completely misses you.
You shoot an arrow.
The arrow hits the death yak but does no damage.
The death yak is severely wounded.
The death yak gores you!!
You die...

..P................#
###
#####.............##
##......#P?...#
#.......###...##
###.....P###...# ##
#P......##.#.$#P.#
###.#...###.....P##
##....PP##Y.....#
##....P#@#..Y.....
#.....%#.##.F.$..
##...^.#.## ###...
#.###.%..# .. ###
#....# . ##....#
####..# #... .P..


You could see a death yak.

Vanquished Creatures
  Kirke (Lair:5)
  Erolcha (D:10)
  3 hydras
  2 catoblepae
  2 boulder beetles
  6 death yaks
  3 skysharks
  A deep elf pyromancer (D:10)
  A wolf spider (Lair:2)
  12 elephants
  9 black mambas
  A torpor snail (Lair:5)
  10 cane toads
  Maggie (D:6)
  7 komodo dragons
  A rime drake (Lair:3)
  2 polar bears
  9 blink frogs (Lair:2)
  A hornet (D:8)
  5 dream sheep (Lair:4)
  A jumping spider (Lair:2)
  38 yaks
  2 hogs (Lair:5)
  3 steam dragons
  Grum (D:10)
  2 wyverns
  2 wargs (D:9)
  6 basilisks
  4 humans
  2 swamp worms (Lair:3)
  14 water moccasins
  2 orc warriors (D:10)
  2 ice beasts
  2 sky beasts (D:8)
  2 black bears
  An ogre (D:7)
  A centaur (D:8)
  3 wolves (D:10)
  4 kobold brigands
  2 scorpions
  11 bullfrogs
  5 wights (D:9)
  6 killer bees
  3 howler monkeys
  A bombardier beetle (D:4)
  10 orc priests
  2 gnoll boudas
  3 hounds
  2 jellies
  Ijyb (D:4)
  Terence (D:2)
  3 iguanas
  10 orc wizards
  A scorpion zombie (D:3)
  6 hell rats (Lair:3)
  A hound zombie (D:3)
  A hound skeleton (D:3)
  8 mummies (Ossuary)
  Robin (D:4)
  7 gnolls
  4 adders
  A shadow imp (D:7)
  3 white imps
  2 ufetubi (D:4)
  An adder skeleton (D:3)
  2 adder zombies (D:3)
  A dart slug (D:2)
  29 orcs
  5 bats
  6 endoplasms
  A giant cockroach (D:2)
  3 gnoll zombies (Ossuary)
  10 goblins
  6 hobgoblins
  2 jackals (D:3)
  4 quokkas
  5 ball pythons
  A giant cockroach zombie (D:3)
  A hobgoblin zombie (Ossuary)
  A jackal skeleton (D:3)
  27 kobolds
  2 kobold zombies (Ossuary)
  2 orc zombies (Ossuary)
  5 rats
379 creatures vanquished.

Notes
Turn   | Place    | Note
-------+----------+-------------------------------------------
     0 | D:1      | qw the Spriggan Hunter began the quest for the Orb.
     0 | D:1      | Reached XP level 1. HP: 10/10 MP: 2/2
     0 | D:1      | 0 ||| qw: Version: 0.3-a-155-g5e7d8dd
     0 | D:1      | 0 ||| qw: Game counter: 3498
     0 | D:1      | 0 ||| qw: Melee chars always use a shield: true
     0 | D:1      | 0 ||| qw: God list: Okawaru
     0 | D:1      | 0 ||| qw: Allow faded altars: false
     0 | D:1      | 0 ||| qw: Do Orc after clearing Dungeon:15 true
     0 | D:1      | 0 ||| qw: Do second Lair branch before Depths: true
     0 | D:1      | 0 ||| qw: Lair rune preference: random
     0 | D:1      | 0 ||| qw: Goals: Normal
     0 | D:1      | 0 ||| PLANNING D:1-11
   103 | D:1      | Reached skill level 3 in Dodging
   379 | D:1      | Reached XP level 2. HP: 14/14 MP: 3/3
   477 | D:1      | 477 ||| READING 4 scrolls labelled NOAF QUJAWUD.
   482 | D:1      | 482 ||| READING scroll labelled CEULYT VEBEMP.
   483 | D:1      | 483 ||| READING scroll labelled GEOKKOFORU.
   484 | D:1      | 484 ||| READING scroll labelled ANEYRE RUADEO.
   484 | D:1      | Identified a scroll of acquirement
   484 | D:1      | 484 ||| ACQUIRING +0 hat of Leaves {rF+ Slay+5}
   484 | D:1      | Acquired the +0 hat of Leaves {rF+ Slay+5}
   486 | D:1      | 486 ||| UPGRADING to +0 hat of Leaves {rF+ Slay+5}.
   491 | D:1      | 491 ||| DROPPING scroll of butterflies.
   596 | D:2      | Found Zanirrix's Assorted Antiques.
   607 | D:2      | 607 ||| SHOPLISTING cyan potion (18 gold, have 15).
   607 | D:2      | 607 ||| SHOPLISTING dark potion (18 gold, have 15).
   607 | D:2      | 607 ||| SHOPLISTING scroll labelled PUMESCH KOST (21 gold,
                  | have 15).
   607 | D:2      | 607 ||| SHOPLISTING scroll labelled ULOEFO LAUPLAMP (21
                  | gold, have 15).
   656 | D:2      | Noticed Terence
   659 | D:2      | 659 ||| FLEEEEING.
   660 | D:2      | 660 ||| FLEEEEING.
   661 | D:2      | 661 ||| FLEEEEING.
   662 | D:2      | 662 ||| FLEEEEING.
   662 | D:2      | HP: 3/14 [Terence/puff of flame (6)]
   663 | D:2      | 663 ||| READING 4 scrolls of teleportation.
   664 | D:2      | 664 ||| FLEEEEING.
   665 | D:2      | 665 ||| FLEEEEING.
   685 | D:2      | Killed Terence
   686 | D:2      | Reached XP level 3. HP: 11/18 MP: 4/4
   834 | D:2      | Found a faded altar of an unknown god.
  1193 | D:2      | 1193 ||| UPGRADING to +0 cloak.
  1198 | D:2      | 1198 ||| DROPPING ring of wizardry.
  1199 | D:2      | 1199 ||| READING scroll labelled QIUFAMEITO.
  1233 | D:2      | 1233 ||| READING scroll labelled ULOEFO LAUPLAMP.
  1234 | D:2      | 1234 ||| DRINKING 2 dark potions.
  1235 | D:2      | 1235 ||| DROPPING potion of invisibility.
  1289 | D:3      | Reached XP level 4. HP: 22/22 MP: 5/5
  1403 | D:3      | Reached XP level 5. HP: 26/26 MP: 6/6
  1599 | D:3      | 1599 ||| READING scroll labelled PUMESCH KOST.
  1599 | D:3      | 1599 ||| ENCHANTING +0 shortbow.
  1600 | D:3      | 1600 ||| DRINKING 2 golden potions.
  1601 | D:3      | 1601 ||| DROPPING potion of brilliance.
  1619 | D:4      | 1619 ||| PLANNING OSSUARY
  1645 | D:4      | Found a sand-covered staircase.
  1650 | Ossuary  | Entered an ossuary
  1785 | Ossuary  | Reached skill level 6 in Ranged Weapons
  1822 | Ossuary  | 1822 ||| READING scroll of enchant weapon.
  1822 | Ossuary  | 1822 ||| ENCHANTING +1 shortbow.
  1833 | Ossuary  | 1833 ||| READING scroll of acquirement.
  1833 | Ossuary  | 1833 ||| ACQUIRING +2 shortbow of flaming
  1833 | Ossuary  | Acquired a +2 shortbow of flaming
  1835 | Ossuary  | 1835 ||| SWAPPING to +2 shortbow of flaming.
  1836 | Ossuary  | 1836 ||| DROPPING +2 shortbow.
  1837 | Ossuary  | 1837 ||| READING scroll labelled GOANNAZIHE.
  1838 | Ossuary  | 1838 ||| DRINKING 2 fuming blue potions.
  1839 | Ossuary  | 1839 ||| DRINKING 2 red potions.
  1840 | Ossuary  | 1840 ||| DROPPING potion of attraction.
  1861 | D:4      | 1861 ||| PLANNING D:1-11
  1947 | D:4      | Reached XP level 6. HP: 30/30 MP: 7/7
  1955 | D:4      | Reached skill level 6 in Dodging
  1955 | D:4      | 1955 ||| FLEEEEING.
  1956 | D:4      | 1956 ||| FLEEEEING.
  1957 | D:4      | 1957 ||| FLEEEEING.
  1958 | D:4      | 1958 ||| FLEEEEING.
  1959 | D:4      | 1959 ||| FLEEEEING.
  1960 | D:4      | 1960 ||| FLEEEEING.
  1962 | D:4      | 1962 ||| FLEEEEING.
  1963 | D:4      | 1963 ||| FLEEEEING.
  1965 | D:4      | 1965 ||| FLEEEEING.
  1983 | D:4      | Noticed Ijyb
  1989 | D:4      | Killed Ijyb
  2030 | D:4      | 2030 ||| FLEEEEING.
  2031 | D:4      | 2031 ||| FLEEEEING.
  2032 | D:4      | 2032 ||| FLEEEEING.
  2033 | D:4      | 2033 ||| FLEEEEING.
  2085 | D:4      | 2085 ||| READING scroll of enchant weapon.
  2085 | D:4      | 2085 ||| ENCHANTING +2 shortbow of flaming.
  2126 | D:4      | Reached XP level 7. HP: 35/35 MP: 8/8
  2155 | D:4      | 2155 ||| READING scroll of enchant weapon.
  2155 | D:4      | 2155 ||| ENCHANTING +3 shortbow of flaming.
  2197 | D:4      | 2197 ||| FLEEEEING.
  2198 | D:4      | 2198 ||| FLEEEEING.
  2200 | D:4      | 2200 ||| FLEEEEING.
  2201 | D:4      | 2201 ||| FLEEEEING.
  2209 | D:4      | 2209 ||| FLEEEEING.
  2210 | D:4      | 2210 ||| FLEEEEING.
  2211 | D:4      | 2211 ||| FLEEEEING.
  2212 | D:4      | 2212 ||| FLEEEEING.
  2216 | D:4      | 2216 ||| FLEEEEING.
  2217 | D:4      | 2217 ||| FLEEEEING.
  2218 | D:4      | 2218 ||| FLEEEEING.
  2219 | D:4      | 2219 ||| FLEEEEING.
  2220 | D:4      | 2220 ||| FLEEEEING.
  2221 | D:4      | 2221 ||| FLEEEEING.
  2222 | D:4      | 2222 ||| FLEEEEING.
  2223 | D:4      | 2223 ||| FLEEEEING.
  2227 | D:4      | 2227 ||| FLEEEEING.
  2228 | D:4      | 2228 ||| FLEEEEING.
  2229 | D:4      | 2229 ||| FLEEEEING.
  2230 | D:4      | 2230 ||| FLEEEEING.
  2231 | D:4      | 2231 ||| FLEEEEING.
  2234 | D:4      | 2234 ||| FLEEEEING.
  2235 | D:4      | 2235 ||| FLEEEEING.
  2236 | D:4      | 2236 ||| FLEEEEING.
  2237 | D:4      | 2237 ||| FLEEEEING.
  2238 | D:4      | 2238 ||| FLEEEEING.
  2239 | D:4      | 2239 ||| FLEEEEING.
  2240 | D:4      | 2240 ||| FLEEEEING.
  2241 | D:4      | 2241 ||| FLEEEEING.
  2242 | D:4      | 2242 ||| FLEEEEING.
  2244 | D:4      | 2244 ||| FLEEEEING.
  2247 | D:4      | 2247 ||| FLEEEEING.
  2248 | D:4      | 2248 ||| FLEEEEING.
  2249 | D:4      | 2249 ||| FLEEEEING.
  2250 | D:4      | 2250 ||| FLEEEEING.
  2251 | D:4      | 2251 ||| FLEEEEING.
  2252 | D:4      | 2252 ||| FLEEEEING.
  2253 | D:4      | 2253 ||| FLEEEEING.
  2254 | D:4      | 2254 ||| FLEEEEING.
  2255 | D:4      | 2255 ||| FLEEEEING.
  2256 | D:4      | 2256 ||| FLEEEEING.
  2257 | D:4      | 2257 ||| FLEEEEING.
  2263 | D:4      | 2263 ||| FLEEEEING.
  2264 | D:4      | 2264 ||| FLEEEEING.
  2265 | D:4      | 2265 ||| FLEEEEING.
  2266 | D:4      | 2266 ||| FLEEEEING.
  2267 | D:4      | 2267 ||| FLEEEEING.
  2268 | D:4      | 2268 ||| FLEEEEING.
  2269 | D:4      | 2269 ||| FLEEEEING.
  2270 | D:4      | 2270 ||| FLEEEEING.
  2446 | D:4      | Noticed Robin
  2449 | D:4      | Killed Robin
  2615 | D:4      | 2615 ||| READING scroll labelled HOHOTZIOVO.
  2615 | D:4      | 2615 ||| IDENTIFYING fizzy brown potion
  2616 | D:4      | 2616 ||| READING scroll labelled ROAZEC VIYTU.
  2617 | D:4      | 2617 ||| READING 2 scrolls labelled CENIUN IDUMIA.
  2618 | D:4      | 2618 ||| DROPPING potion of lignification.
  2619 | D:4      | 2619 ||| DROPPING scroll of noise.
  2621 | D:4      | 2621 ||| Stepping ~*~*~tactically~*~*~ (cloud).
  2716 | D:5      | Entered Level 5 of the Dungeon
  2750 | D:5      | Found a blossoming altar of Fedhas.
  2780 | D:5      | 2780 ||| RETREEEEATING.
  2782 | D:5      | 2782 ||| RETREEEEATING.
  3430 | D:5      | Reached XP level 8. HP: 39/39 MP: 9/9
  3518 | D:5      | Found a basalt altar of Yredelemnul.
  3691 | D:5      | 3691 ||| DRINKING 2 smoky silvery potions.
  3692 | D:5      | 3692 ||| DROPPING potion of magic.
  3737 | D:6      | Reached skill level 3 in Fighting
  3781 | D:6      | Found a staircase to the Ecumenical Temple.
  3782 | D:6      | 3782 ||| PLANNING TEMPLE
  3784 | D:6      | 3784 ||| READING scroll of identify.
  3784 | D:6      | 3784 ||| IDENTIFYING bubbling clear potion
  3790 | Temple   | Entered the Ecumenical Temple
  3791 | Temple   | 3791 ||| PLANNING OKAWARU WORSHIP
  3812 | Temple   | Became a worshipper of Warmaster Okawaru
  3813 | Temple   | 3813 ||| PLANNING D:1-11
  4003 | D:6      | 4003 ||| READING scroll of enchant weapon.
  4003 | D:6      | 4003 ||| ENCHANTING +4 shortbow of flaming.
  4340 | D:6      | Found Onuupesy's Distillery.
  4351 | D:6      | 4351 ||| BUYING potion of cancellation (120 gold).
  4351 | D:6      | Bought a potion of cancellation for 120 gold pieces
  4351 | D:6      | 4351 ||| BUYING potion of enlightenment (75 gold).
  4351 | D:6      | Bought a potion of enlightenment for 75 gold pieces
  4351 | D:6      | 4351 ||| BUYING potion of haste (150 gold).
  4351 | D:6      | Bought a potion of haste for 150 gold pieces
  4351 | D:6      | 4351 ||| BUYING potion of heal wounds (75 gold).
  4351 | D:6      | Bought a potion of heal wounds for 75 gold pieces
  4351 | D:6      | 4351 ||| BUYING potion of heal wounds (75 gold).
  4351 | D:6      | Bought a potion of heal wounds for 75 gold pieces
  4360 | D:6      | Identified the +9 hand axe of the Valley {freeze, rElec rC-
                  | Int+3}
  4486 | D:6      | Noticed Maggie
  4487 | D:6      | 4487 ||| DRINKING potion of haste.
  4493 | D:6      | Killed Maggie
  4494 | D:6      | Reached skill level 9 in Ranged Weapons
  4958 | D:6      | 4958 ||| UPGRADING to +0 steam dragon scales.
  4968 | D:6      | 4968 ||| DROPPING +0 robe.
  4975 | D:7      | 4975 ||| STAIRDANCE
  4983 | D:6      | HP: 10/40 [poisoned by a killer bee]
  5118 | D:7      | 5118 ||| STAIRDANCE
  5182 | D:7      | Reached * piety under Okawaru
  5183 | D:7      | Reached skill level 9 in Dodging
  5201 | D:7      | Found a hide-covered altar of Uskayaw.
  5256 | D:7      | Reached skill level 1 in Armour
  5256 | D:7      | Reached skill level 1 in Invocations
  5256 | D:7      | Reached XP level 9. HP: 44/44 MP: 9/11
  5312 | D:7      | Found Umaco's Weapon Shoppe.
  5322 | D:7      | 5322 ||| BUYING +0 orcbow (45 gold).
  5322 | D:7      | Bought a +0 orcbow for 45 gold pieces
  5322 | D:7      | 5322 ||| SWAPPING to +0 orcbow.
  5323 | D:7      | 5323 ||| DROPPING +5 shortbow of flaming.
  5365 | D:7      | Noticed qw's ghost (novice DjHu)
  5394 | D:7      | Found Laqeph's Magic Scroll Shoppe.
  5407 | D:7      | 5407 ||| SHOPLISTING scroll of acquirement (572 gold, have
                  | 82).
  5407 | D:7      | 5407 ||| BUYING scroll of enchant armour (82 gold).
  5407 | D:7      | Bought a scroll of enchant armour for 82 gold pieces
  5407 | D:7      | 5407 ||| SHOPLISTING scroll of identify (22 gold, have 0).
  5407 | D:7      | 5407 ||| SHOPLISTING scroll of teleportation (33 gold, have
                  | 0).
  5407 | D:7      | 5407 ||| READING scroll of enchant armour.
  5407 | D:7      | 5407 ||| ENCHANTING +0 steam dragon scales.
  5421 | D:7      | Found a shimmering blue altar of Sif Muna.
  5421 | D:7      | Found a radiant altar of Vehumet.
  5425 | D:7      | Found a broken altar of Ashenzari.
  5479 | D:7      | Found a runed translucent door.
  5608 | D:7      | Found a sparkling altar of Nemelex Xobeh.
  5658 | D:7      | 5658 ||| UPGRADING to +1 cloak of preservation.
  5668 | D:7      | 5668 ||| DROPPING +0 cloak.
  5669 | D:7      | 5669 ||| READING scroll labelled CINETOZ SUYSY.
  5670 | D:7      | 5670 ||| DROPPING wand of flame (32).
  5710 | D:8      | 5710 ||| STAIRDANCE
  5717 | D:8      | 5717 ||| STAIRDANCE
  5726 | D:8      | 5726 ||| STAIRDANCE
  5741 | D:8      | Reached skill level 3 in Invocations
  5787 | D:8      | 5787 ||| READING scroll of enchant armour.
  5787 | D:8      | 5787 ||| ENCHANTING +1 steam dragon scales.
  5845 | D:8      | Found a transporter.
  5888 | D:8      | Reached ** piety under Okawaru
  5929 | D:8      | 5929 ||| ZAPPING wand of iceblast (9) at -3,0 (black bear;
                  | floor).
  6061 | D:8      | 6061 ||| DROPPING ring of flight.
  6062 | D:8      | 6062 ||| READING scroll of identify.
  6062 | D:8      | 6062 ||| IDENTIFYING white potion
  6071 | D:7      | Found a stormy altar of Qazlal.
  6200 | D:8      | Found a flagged portal.
  6336 | D:8      | Found a shadowy altar of Dithmenos.
  6380 | D:8      | Found a transporter.
  6411 | D:8      | 6411 ||| READING scroll of enchant armour.
  6411 | D:8      | 6411 ||| ENCHANTING +2 steam dragon scales.
  6552 | D:9      | 6552 ||| RETREEEEATING.
  6570 | D:9      | Reached *** piety under Okawaru
  6578 | D:9      | 6578 ||| RETREEEEATING.
  6579 | D:9      | 6579 ||| RETREEEEATING.
  6612 | D:9      | Reached XP level 10. HP: 32/51 MP: 14/14
  6679 | D:9      | Found a staircase to the Orcish Mines.
  6976 | D:9      | Reached **** piety under Okawaru
  7533 | D:9      | 7533 ||| UPGRADING to +4 ring of protection.
  7534 | D:9      | 7534 ||| READING 2 scrolls labelled HIEFAEFOAPN.
  7535 | D:9      | 7535 ||| READING 2 scrolls labelled GIORHO BOEKLAMP.
  7636 | D:9      | 7636 ||| DROPPING scroll of fog.
  7637 | D:9      | 7637 ||| DROPPING scroll of silence.
  7657 | D:10     | Entered Level 10 of the Dungeon
  7657 | D:10     | Found Ysiysa's Distillery.
  7661 | D:10     | 7661 ||| BUYING potion of curing (39 gold).
  7661 | D:10     | Bought a potion of curing for 39 gold pieces
  7661 | D:10     | 7661 ||| BUYING potion of curing (39 gold).
  7661 | D:10     | Bought a potion of curing for 39 gold pieces
  7661 | D:10     | 7661 ||| BUYING potion of enlightenment (65 gold).
  7661 | D:10     | Bought a potion of enlightenment for 65 gold pieces
  7661 | D:10     | 7661 ||| SHOPLISTING potion of heal wounds (65 gold, have
                  | 44).
  7661 | D:10     | 7661 ||| SHOPLISTING potion of might (52 gold, have 44).
  7733 | D:10     | Found a staircase to the Lair.
  7733 | D:10     | Noticed an elephant
  7734 | D:10     | 7734 ||| INVOKING Heroism.
  7746 | D:10     | Killed an elephant
  7747 | D:10     | Reached skill level 12 in Dodging
  7810 | D:10     | Noticed a deep elf pyromancer
  7811 | D:10     | 7811 ||| INVOKING Finesse.
  7812 | D:10     | 7812 ||| INVOKING Finesse.
  7820 | D:10     | Killed a deep elf pyromancer
  8061 | D:10     | Noticed Erolcha
  8062 | D:10     | 8062 ||| INVOKING Finesse.
  8072 | D:10     | Killed Erolcha
  8073 | D:10     | Reached skill level 12 in Ranged Weapons
  8189 | D:10     | Noticed Grum
  8208 | D:10     | Killed Grum
  8209 | D:10     | Reached skill level 6 in Invocations
  8209 | D:10     | Reached XP level 11. HP: 19/54 MP: 16/16
  8548 | D:10     | 8548 ||| PLANNING LAIR
  8548 | D:10     | 8548 ||| READING scroll labelled QIEHIXZ JEEPEMAQ.
  8568 | Lair:1   | Entered Level 1 of the Lair of Beasts
  8676 | Lair:1   | Reached ***** piety under Okawaru
  8695 | Lair:1   | Noticed a boulder beetle
  8699 | Lair:1   | 8699 ||| INVOKING Finesse.
  8719 | Lair:1   | Killed a boulder beetle
  8803 | Lair:1   | 8803 ||| RETREEEEATING.
  8817 | Lair:1   | 8817 ||| RETREEEEATING.
  8818 | Lair:1   | 8818 ||| RETREEEEATING.
  8821 | Lair:1   | 8821 ||| RETREEEEATING.
  8823 | Lair:1   | Received a gift from Okawaru
  8825 | Lair:1   | 8825 ||| RETREEEEATING.
  8877 | Lair:1   | 8877 ||| RETREEEEATING.
  8878 | Lair:1   | 8878 ||| RETREEEEATING.
  8888 | Lair:1   | 8888 ||| INVOKING Finesse.
  9018 | Lair:1   | 9018 ||| RETREEEEATING.
  9021 | Lair:1   | 9021 ||| RETREEEEATING.
  9022 | Lair:1   | 9022 ||| INVOKING Finesse.
  9403 | Lair:1   | Reached skill level 9 in Invocations
  9725 | Lair:2   | 9725 ||| RETREEEEATING.
  9728 | Lair:2   | 9728 ||| RETREEEEATING.
  9729 | Lair:2   | 9729 ||| RETREEEEATING.
  9730 | Lair:2   | 9730 ||| RETREEEEATING.
  9742 | Lair:2   | HP: 13/55 [polar bear (1)]
  9743 | Lair:2   | 9743 ||| READING 6 scrolls of teleportation.
  9744 | Lair:2   | 9744 ||| DRINKING 6 potions of heal wounds.
  9793 | Lair:2   | Reached XP level 12. HP: 30/60 MP: 20/20
  9966 | Lair:2   | 9966 ||| RETREEEEATING.
  9972 | Lair:2   | 9972 ||| RETREEEEATING.
 10011 | Lair:2   | 10011 ||| RETREEEEATING.
 10013 | Lair:2   | Received a gift from Okawaru
 10018 | Lair:2   | 10018 ||| INVOKING Finesse.
 10019 | Lair:2   | 10019 ||| INVOKING Heroism.
 10250 | Lair:2   | Noticed a boulder beetle
 10251 | Lair:2   | 10251 ||| INVOKING Finesse.
 10273 | Lair:2   | Killed a boulder beetle
 10633 | Lair:2   | 10633 ||| RETREEEEATING.
 10634 | Lair:2   | 10634 ||| INVOKING Finesse.
 10675 | Lair:2   | Found a hole to the Spider Nest.
 10766 | Lair:3   | Noticed a catoblepas
 10767 | Lair:3   | 10767 ||| INVOKING Finesse.
 10773 | Lair:3   | 10773 ||| Stepping ~*~*~tactically~*~*~ (cloud).
 10778 | Lair:3   | 10778 ||| Stepping ~*~*~tactically~*~*~ (cloud).
 10780 | Lair:3   | 10780 ||| Stepping ~*~*~tactically~*~*~ (cloud).
 10783 | Lair:3   | 10783 ||| Stepping ~*~*~tactically~*~*~ (cloud).
 10786 | Lair:3   | Killed a catoblepas
 10843 | Lair:3   | Reached skill level 6 in Fighting
 11383 | Lair:3   | Reached skill level 15 in Dodging
 11405 | Lair:3   | 11405 ||| DRINKING potion of cancellation.
 11414 | Lair:3   | Found a staircase to the Swamp.
 11886 | Lair:3   | 11886 ||| READING 2 scrolls of identify.
 11886 | Lair:3   | 11886 ||| IDENTIFYING cyan potion
 11887 | Lair:3   | 11887 ||| READING scroll of identify.
 11887 | Lair:3   | 11887 ||| IDENTIFYING metallic puce potion
 11921 | Lair:4   | 11921 ||| RETREEEEATING.
 11925 | Lair:4   | 11925 ||| RETREEEEATING.
 11950 | Lair:4   | HP: 11/61 [dream sheep (19)]
 11951 | Lair:4   | 11951 ||| READING 7 scrolls of teleportation.
 11952 | Lair:4   | 11952 ||| DRINKING 5 potions of heal wounds.
 11959 | Lair:4   | 11959 ||| RETREEEEATING.
 11960 | Lair:4   | 11960 ||| RETREEEEATING.
 11964 | Lair:4   | 11964 ||| RETREEEEATING.
 11966 | Lair:4   | 11966 ||| RETREEEEATING.
 11967 | Lair:4   | 11967 ||| RETREEEEATING.
 11968 | Lair:4   | 11968 ||| RETREEEEATING.
 11969 | Lair:4   | 11969 ||| RETREEEEATING.
 11970 | Lair:4   | 11970 ||| RETREEEEATING.
 11980 | Lair:4   | Received a gift from Okawaru
 12132 | Lair:4   | 12132 ||| RETREEEEATING.
 12135 | Lair:4   | 12135 ||| RETREEEEATING.
 12143 | Lair:4   | Noticed a six-headed hydra
 12143 | Lair:4   | 12143 ||| ZAPPING wand of quicksilver (15) at -1,-7
                  | (six-headed hydra; floor).
 12144 | Lair:4   | 12144 ||| ZAPPING wand of quicksilver (14) at -1,-6
                  | (six-headed hydra; floor).
 12145 | Lair:4   | 12145 ||| ZAPPING wand of quicksilver (13) at -1,-5
                  | (six-headed hydra; floor).
 12146 | Lair:4   | 12146 ||| INVOKING Finesse.
 12156 | Lair:4   | Killed a six-headed hydra
 12166 | Lair:4   | Reached skill level 15 in Ranged Weapons
 12212 | Lair:4   | Reached XP level 13. HP: 65/65 MP: 21/21
 12365 | Lair:4   | 12365 ||| ZAPPING wand of quicksilver (12) at 0,2 (polar
                  | bear; floor).
 12366 | Lair:4   | 12366 ||| INVOKING Finesse.
 12367 | Lair:4   | 12367 ||| INVOKING Heroism.
 12480 | Lair:4   | Found a staircase to the Slime Pits.
 12740 | Lair:5   | Entered Level 5 of the Lair of Beasts
 13077 | Lair:5   | 13077 ||| INVOKING Finesse.
 13086 | Lair:5   | 13086 ||| RETREEEEATING.
 13087 | Lair:5   | 13087 ||| RETREEEEATING.
 13092 | Lair:5   | 13092 ||| RETREEEEATING.
 13093 | Lair:5   | 13093 ||| RETREEEEATING.
 13094 | Lair:5   | 13094 ||| RETREEEEATING.
 13095 | Lair:5   | 13095 ||| RETREEEEATING.
 13096 | Lair:5   | 13096 ||| RETREEEEATING.
 13097 | Lair:5   | 13097 ||| RETREEEEATING.
 13098 | Lair:5   | 13098 ||| RETREEEEATING.
 13117 | Lair:5   | 13117 ||| RETREEEEATING.
 13118 | Lair:5   | 13118 ||| RETREEEEATING.
 13136 | Lair:5   | Received a gift from Okawaru
 13453 | Lair:5   | 13453 ||| INVOKING Finesse.
 13456 | Lair:5   | 13456 ||| INVOKING Heroism.
 13564 | Lair:5   | 13564 ||| RETREEEEATING.
 13564 | Lair:5   | Noticed Kirke
 13565 | Lair:5   | 13565 ||| RETREEEEATING.
 13567 | Lair:5   | 13567 ||| RETREEEEATING.
 13573 | Lair:5   | 13573 ||| RETREEEEATING.
 13576 | Lair:5   | 13576 ||| INVOKING Finesse.
 13592 | Lair:5   | Killed Kirke
 13711 | Lair:5   | HP: 9/67 [catoblepas (17)]
 13712 | Lair:5   | 13712 ||| READING 7 scrolls of teleportation.
 13713 | Lair:5   | 13713 ||| DRINKING 4 potions of heal wounds.
 13715 | Lair:5   | 13715 ||| Stepping ~*~*~tactically~*~*~ (cloud).
 13725 | Lair:5   | Received a gift from Okawaru
 14040 | Lair:5   | 14040 ||| RETREEEEATING.
 14041 | Lair:5   | 14041 ||| RETREEEEATING.
 14045 | Lair:5   | 14045 ||| RETREEEEATING.
 14067 | Lair:5   | Slain by a death yak

Levels and vault maps discovered:
D:1:      elethiomel_arrival_quiet, layout_rooms, serial_forest,
          infiniplex_forest_lined_3_way, infiniplex_forest_zigzag_1,
          infiniplex_forest_zigzag_1, infiniplex_forest_straight_2,
          infiniplex_forest_clump_cross, infiniplex_forest_corner_1,
          infiniplex_forest_lined_2, serial_bayou_crossing
D:2:      layout_rooms, serial_shops, shop, basic_ecumenical_altar,
          serial_bayou, serial_bayou_lake_a, serial_bayou_pond_a,
          serial_bayou_shore_a, serial_bayou_pond_c, kennysheep_generic_room_5,
          uniq_terence
D:3:      layout_rooms, serial_undead, serial_undead_f, serial_undead_d,
          serial_undead_c, serial_undead_f, serial_undead_a, serial_undead_c
D:4:      minmay_opposing_rooms, layout_basic,
          nicolae_ossuary_entry_false_entrances, uniq_ijyb, uniq_robin
D:5:      layout_basic, mainiacjoe_overflow_catwalk, kennysheep_mini_moat
D:6:      layout_layer_cave, minmay_temple_entry_hall, serial_shops, shop,
          uniq_maggie
D:7:      layout_rooms, mainiacjoe_overflow_alcove_4,
          nicolae_overflow_hidden_temple, serial_shops,
          nicolae_shop_statue_plus, shop, hellmonk_ghost_happy_afterlife
D:8:      gammafunk_steamed_eel, layout_loops_ring, lemuel_round_altar,
          enter_bailey_2
D:9:      layout_stronghold, erik_orc_4
D:10:     layout_roguey, david_lair_generic, serial_shops, shop, uniq_grum,
          uniq_erolcha
Temple:   nicolae_temple_figure_eight
Lair:1:   layout_cave_pods
Lair:2:   layout_gridlike, spider_nest_entry_rubble, nzn_sisyphean_effort,
          lemuel_fruit_tree
Lair:3:   layout_cave_pods, minmay_swamp_entry_worms,
          dreamdust_mushroom_princess, serial_bayou_shore_b
Lair:4:   layout_roguey, slime_entry_1
Lair:5:   evilmike_catoblepas_cave, layout_layer_cave, uniq_kirke

Skill      XL: |  1  2  3  4  5  6  7  8  9 10 11 12 13 |
---------------+----------------------------------------+-----
Dodging        | 3 4 5 6 8 9 11 12 13 15 16 | 16.8
Ranged Weapons | 5 6 7 8 9 10 12 13 15 16 | 16.0
Fighting       | 2 3 4 5 6 7 |  7.1
Armour         | 1 2 |  2.1
Invocations    | 1 4 6 9 10 | 10.0
Stealth        | |  1.5

Action                     |  1- 3 |  4- 6 |  7- 9 | 10-12 | 13-15 || total
---------------------------+-------+-------+-------+-------+-------++-------
   Fire: Shortbow          |    43 |   127 |   154 |       |       ||   324
         Orcbow            |       |       |   131 |   787 |   374 ||  1292
 Invoke: Finesse           |       |       |       |    10 |     4 ||    14
         Heroism           |       |       |       |     2 |     2 ||     4
  Evoke: Wand              |       |       |     1 |     3 |     1 ||     5
    Use: Scroll            |     7 |     5 |    11 |     7 |     1 ||    31
         Potion            |     1 |     3 |     2 |     3 |     1 ||    10
 Armour: Robe              |     4 |     7 |     8 |       |       ||    19
         Steam dragon scal |       |       |    14 |    77 |    40 ||   131
  Dodge: Dodged            |     7 |    29 |    74 |   325 |   177 ||   612

Table legend:
 A = Non-vault XP
 B = Vault XP
 C = Vault XP percentage of total XP
 D = Non-vault monster count
 E = Vault monster count
 F = Vault count percentage of total count
                 A         B        C        D         E       F
            +---------+---------+-------+---------+---------+-------
      Total |   49780 |    8859 |  15.1 |     298 |      78 |  20.7
            +---------+---------+-------+---------+---------+-------
        D:1 |      12 |       0 |   0.0 |       8 |       0 |   0.0
        D:2 |      25 |      41 |  62.1 |       7 |       4 |  36.4
        D:3 |      40 |      90 |  69.2 |      19 |       8 |  29.6
        D:4 |     312 |     265 |  45.9 |      26 |      17 |  39.5
        D:5 |     573 |       0 |   0.0 |      18 |       0 |   0.0
        D:6 |     577 |     376 |  39.5 |      18 |       1 |   5.3
        D:7 |     928 |       0 |   0.0 |      17 |       0 |   0.0
        D:8 |    1284 |       0 |   0.0 |      19 |       0 |   0.0
        D:9 |    1601 |     854 |  34.8 |      16 |      14 |  46.7
       D:10 |    1433 |    2458 |  63.2 |      15 |       9 |  37.5
     Lair:1 |    9528 |       0 |   0.0 |      32 |       0 |   0.0
     Lair:2 |    6574 |    1627 |  19.8 |      27 |       3 |  10.0
     Lair:3 |    4047 |     305 |   7.0 |      20 |       2 |   9.1
     Lair:4 |    9883 |       0 |   0.0 |      28 |       0 |   0.0
     Lair:5 |   12963 |    2690 |  17.2 |      28 |       4 |  12.5
    Ossuary |       0 |     153 | 100.0 |       0 |      16 | 100.0
            +---------+---------+-------+---------+---------+-------
